 Dungeon Crawl Stone Soup version 0.21-a0-633-g4c047d5 (webtiles) character file.

394 Apogee the Archer (level 6, -2/48 HPs)
             Began as a Centaur Hunter on Dec 28, 2017.
             Slain by Grinder (11 damage)
             ... while paralysed by Grinder
             ... on level 4 of the Dungeon.
             The game lasted 00:07:25 (4114 turns).

Apogee the Archer (Centaur Hunter)                  Turns: 4114, Time: 00:07:26

Health: -2/48      AC:  0    Str: 14    XL:     6   Next: 51%
Magic:  6/6        EV:  1    Int: 10    God:
Gold:   148        SH:  0    Dex: 12    Spells: 5/5 levels left

rFire    . . .     SeeInvis .   b - +0 short sword
rCold    . . .     Gourm    .   (no shield)
rNeg     . . .     Faith    .   w - +0 ring mail
rPois    .         Spirit   .   (no helmet)
rElec    .         Reflect  .   (no cloak)
rCorr    .         Harm     .   t - +2 pair of gloves
MR       .....                  (no barding)
Stlth    ..........             (no amulet)
HPRegen  0.16/turn              (no ring)
MPRegen  0.10/turn              (no ring)

@: paralysed, corroded, very quick
A: large, hooves 3, deformed body, speed 2, tough skin 3
a: no special abilities


You were on level 4 of the Dungeon.
You were not hungry.

You visited 1 branch of the dungeon, and saw 4 of its levels.

You collected 148 gold pieces.


Innate Abilities, Weirdness & Mutations

You have hooves in place of feet.
Armour fits poorly on your strangely shaped body.
You cover ground very quickly.
You have extremely tough skin. (AC +3)


   Skills:
 - Level 2.0 Fighting
 + Level 10.3 Bows
 - Level 1.3 Dodging
 - Level 0.4 Stealth


You had 5 spell levels left.
You didn't know any spells.

Inventory:

Hand Weapons
 a - a +1 shortbow
 b - a +0 short sword (weapon)
Missiles
 d - 43 arrows
Armour
 c - a +0 leather armour
 t - a +2 pair of gloves (worn)
 u - a +0 helmet
 w - a +0 ring mail (worn)
Scrolls
 h - a scroll of amnesia {unknown}
 l - a scroll of magic mapping {unknown}
 m - a scroll of blinking {unknown}
 n - 6 scrolls of identify {unknown}
 o - 2 scrolls of enchant weapon {unknown}
 v - 3 scrolls of remove curse {unknown}
 x - a scroll of teleportation {unknown}
Potions
 e - a potion of ambrosia {unknown}
 g - 2 potions of flight {unknown}
 i - 2 potions of invisibility {unknown}
 j - 3 potions of haste {unknown}
 k - 2 potions of curing {unknown}
 p - a potion of degeneration {unknown}
 q - a potion of magic {unknown}
 r - a potion of brilliance {unknown}
 s - a potion of might {unknown}
Comestibles
 f - 6 rations

Dungeon Overview and Level Annotations

Branches:
Dungeon (4/15)
 Temple: D:4-7

Altars:

Annotations:
D:4 Grinder

▒.....▒...▒ ▒.....+...▒
▒▒▒▒▒▒▒▒+▒.....▒...▒
▒..............▒...▒
▒..............▒...▒▒▒▒▒
▒..............▒...▒▒..▒
.........p.....▒...p....
▒▒▒▒▒..p..▒▒▒▒▒▒........
▒..c..▒ ▒▒▒▒▒▒▒▒▒
▒..5..▒ ▒.....▒▒+▒▒
..▒▒........ ▒..
+........ ▒.. ▒........
▒▒▒▒▒........
▒▒▒▒▒▒▒▒....▒▒▒▒....
▒...........▒ .


You could see Grinder and 2 slaves.


Message History

Your hands burn!
You kick the jelly.
The jelly is severely wounded.
The jelly barely misses you.
You hit the jelly but do no damage.
Your hands burn!
You kick the jelly.
The jelly is almost dead.
The jelly hits you.
You are splashed with acid!
The acid burns!
The jelly hits you. The acid corrodes you!
You are splashed with acid!
The acid burns!
* * * LOW HITPOINT WARNING * * *
You hit the jelly.
You kill the jelly!
An iguana comes into view.
The slave hits you.
* * * LOW HITPOINT WARNING * * *
The slave hits you!
* * * LOW HITPOINT WARNING * * *
Grinder shouts!
Grinder gestures at you.
You suddenly lose the ability to move!
The slave hits you.
* * * LOW HITPOINT WARNING * * *
Grinder hits you!
You die...

Action                   |  1- 3 |  4- 6 || total
-------------------------+-------+-------++-------
Melee: Short sword       |    96 |   231 ||   327
       Kick              |    19 |    51 ||    70
 Fire: Shortbow          |     6 |    11 ||    17
  Eat: Chunk             |     1 |     7 ||     8
Armor: Leather armour    |    25 |    75 ||   100
       Ring mail         |       |     5 ||     5
Dodge: Dodged            |    36 |   130 ||   166

Vault maps used:
D:1:      minmay_arrival_shoal_huts, minmay_fountain_box, st_stairs_6,
          minmay_tripent
D:2:      uniq_robin
D:3:      first_ration
D:4:      hangedman_decor_peaks_small, uniq_pikel, uniq_grinder

Notes
Turn   | Place    | Note
-------+----------+-------------------------------------------
     0 | D:1      | Apogee the Centaur Hunter began the quest for the Orb.
     0 | D:1      | Reached XP level 1. HP: 17/17 MP: 1/1
    89 | D:1      | Reached skill level 6 in Bows
    89 | D:1      | Reached XP level 2. HP: 24/24 MP: 2/2
   741 | D:1      | Reached XP level 3. HP: 27/29 MP: 3/3
  1220 | D:2      | Reached skill level 7 in Bows
  1415 | D:2      | Reached XP level 4. HP: 21/36 MP: 4/4
  1864 | D:2      | Noticed Robin
  2347 | D:2      | Reached skill level 8 in Bows
  2377 | D:2      | Killed Robin
  2703 | D:3      | Reached XP level 5. HP: 30/41 MP: 5/5
  3290 | D:3      | Reached skill level 9 in Bows
  3579 | D:3      | Noticed wazuzu's ghost (amateur GrEE)
  3603 | D:3      | Killed wazuzu's ghost
  3603 | D:3      | Reached XP level 6. HP: 28/48 MP: 6/6
  3919 | D:4      | Noticed Grinder
  4024 | D:4      | Reached skill level 10 in Bows
  4062 | D:4      | Noticed a slave
  4062 | D:4      | Noticed a slave
  4062 | D:4      | Noticed a slave
  4109 | D:4      | Paralysed by Grinder for 6 turns
  4114 | D:4      | Slain by Grinder

Vanquished Creatures
  The ghost of wazuzu the Digger, an amateur GrEE of Vehumet (D:3)
  A jelly (D:4)
  A hound (D:3)
  A worker ant (D:4)
  Robin (D:2)
  A gnoll (D:1)
  7 adders
  An ooze (D:2)
  5 worms
  5 dart slugs
  2 leopard geckos (D:1)
  2 orcs
  3 giant cockroaches
  11 hobgoblins
  3 quokkas
  4 ball pythons
  2 bats
  6 frilled lizards
  16 goblins
  8 kobolds
  7 rats
88 creatures vanquished.
